 Dungeon Crawl Stone Soup version 0.29-a0-664-gff9cad4a3d (webtiles) character file.

Game seed: 3071037455566626053

353 HoaS the Conjurer (level 6, -1/45 HPs)
             Began as a Demigod Conjurer on June 22, 2022.
             Slain by an orc
             ... wielding a +0 club
              (2 damage)
             ... on level 3 of the Dungeon.
             The game lasted 00:14:17 (3741 turns).

HoaS the Conjurer (Demigod Conjurer)                Turns: 3741, Time: 00:14:19

Health: -1/45      AC:  4    Str:  8    XL:     6   Next: 12%
Magic:  14/14      EV: 12    Int: 28    God:
Gold:   140        SH:  0    Dex: 12    Spells: 5/12 levels left

rFire   . . .      SeeInvis .   h - +0 club
rCold   . . .      Faith    .   (no shield)
rNeg    . . .      Spirit   .   a - +0 robe
rPois   .          Reflect  .   (no helmet)
rElec   .          Harm     .   (no cloak)
rCorr   .          Rampage  .   k - +1 pair of gloves
Will    .....                   (no boots)
Stlth   ++........              (no amulet)
HPRegen 0.15/turn               (no ring)
MPRegen 0.14/turn               (no ring)

@: mighty, lethally poisoned (-1 -> -9)
A: high MP 1, forlorn, divine attributes
a: no special abilities


You were on level 3 of the Dungeon.
You visited 1 branch of the dungeon, and saw 4 of its levels.

You collected 140 gold pieces.

Inventory:

Hand Weapons
 h - a +0 club (weapon)
Armour
 a - a +0 robe (worn)
 k - a +1 pair of gloves (worn)
Wands
 d - a wand of mindburst (12)
Potions
 b - a potion of magic
 c - a potion of resistance {unknown}
 i - a potion of brilliance {unknown}
 j - 2 potions of mutation {unknown}
 l - a potion of cancellation {unknown}


   Skills:
 + Level 2.5 Dodging
 - Level 1.7 Stealth
 + Level 3.8 Spellcasting
 + Level 5.2 Conjurations
 + Level 1.5 Translocations


You had 5 spell levels left.
You knew the following spells:

 Your Spells              Type           Power      Damage    Failure   Level
a - Magic Dart            Conj           100%       1d8       1%          1
b - Searing Ray           Conj           68%        2d6       1%          2
c - Iskenderun's Mystic   Conj/Tloc      24%        2d7       19%         4

Your spell library contained the following spells:

 Spells                   Type           Power      Damage    Failure   Level
 Blink                    Tloc           28%        N/A       6%          2
 Dazzling Flash           Conj/Hex       40%        N/A       8%          3
 Lesser Beckoning         Tloc           14%        N/A       12%         3
 Fulminant Prism          Conj/Hex       10%        3d9       26%         4
 Manifold Assault         Tloc           14%        N/A       73%         5


Dungeon Overview and Level Annotations

Branches:
Dungeon (4/15)
 Temple: D:4-7


Innate Abilities, Weirdness & Mutations

You have an increased reservoir of magic. (+10% MP)
You shall have no god before yourself.
Your divine heritage dramatically boosts your attributes as you level up.


Message History

You're too confused to cast spells.
Unknown command.
You feel very mighty all of a sudden.
You feel sick. The orc barely misses you. The orc wizard casts a spell at you.
The magic dart hits you.
You hit the orc wizard.
The orc wizard is severely wounded.
You feel sick. The orc hits you with a +0 club.
The orc wizard hits you but does no damage.
You are more poisoned.
You closely miss the orc wizard.
The orc wizard is severely wounded.
You feel less confused.
You feel very sick. The orc closely misses you.
The orc wizard casts a spell at you. The puff of flame hits you.
The orc hits you with a +0 club. The orc wizard closely misses you.
You miss the orc wizard.
The orc wizard is severely wounded.
You feel very sick. The orc hits you with a +0 club.
The orc wizard hits you with a +0 dagger of venom.
* * * LOW HITPOINT WARNING * * *
You are lethally poisoned!
You closely miss the orc wizard.
The orc wizard is severely wounded.
* * * LOW HITPOINT WARNING * * *
You feel very sick. The orc hits you with a +0 club.
* * * LOW HITPOINT WARNING * * *
The orc wizard casts a spell.
The orc wizard flickers and vanishes!
Deactivating autopickup; reactivate with Ctrl-A.
You closely miss something.
* * * LOW HITPOINT WARNING * * *
You feel very sick. The orc hits you with a +0 club.
You die...

##### #...#
#########.(.######
#@o.....'...'.....
#{#######...######
###.#######...######
#.........+...'.....
#######...#######...######
#.....'...# #####
#.#####...# #.# ##### #.#


You could see an orc.

Vanquished Creatures
  A phantom (D:3)
  A necrophage (D:4)
  A scorpion (D:3)
  2 orc wizards (D:3)
  4 adders
  2 worms
  2 dart slugs (D:3)
  3 orcs (D:3)
  An endoplasm (D:1)
  3 giant cockroaches
  4 goblins
  4 hobgoblins
  3 quokkas
  9 ball pythons
  9 bats
  4 frilled lizards
  3 kobolds
  9 rats
65 creatures vanquished.

Notes
Turn   | Place    | Note
-------+----------+-------------------------------------------
     0 | D:1      | HoaS the Demigod Conjurer began the quest for the Orb.
     0 | D:1      | Reached XP level 1. HP: 14/14 MP: 5/5
   900 | D:1      | Reached XP level 2. HP: 20/20 MP: 5/7
  1169 | D:1      | Learned a level 2 spell: Searing Ray
  1376 | D:2      | Reached skill level 4 in Conjurations
  1706 | D:2      | Reached XP level 3. HP: 26/26 MP: 6/9
  2565 | D:3      | Reached XP level 4. HP: 33/33 MP: 6/11
  3104 | D:3      | Learned a level 4 spell: Iskenderun's Mystic Blast
  3443 | D:4      | Noticed a phantom
  3457 | D:3      | Reached skill level 5 in Conjurations
  3457 | D:3      | Reached XP level 5. HP: 21/38 MP: 3/13
  3464 | D:3      | HP: 1/38 [phantom (6)]
  3473 | D:3      | Reached skill level 1 in Translocations
  3671 | D:4      | Reached XP level 6. HP: 45/45 MP: 7/14
  3741 | D:3      | HP: 1/45 [poisoned by an orc wizard]
  3741 | D:3      | Slain by an orc

Illustrated notes

Levels and vault maps discovered:
D:1:      onia_arrival_handbag, layout_loops_corners,
          ebering_ecumenical_altar_webs
D:2:      layout_rooms, basic_altar, grunt_ministairs_7, feat_on_display
D:3:      layout_basic, nicolae_overflow_ecumenical_swirl, uniq_robin
D:4:      layout_cave_pools, kennysheep_slug_shrine, grunt_ministairs_2

Skill      XL: |  1  2  3  4  5 |
---------------+----------------+-----
Spellcasting   | 2 3 |  3.8
Conjurations   | 4 5 |  5.2
Dodging        | 2 |  2.5
Translocations | 1 |  1.5
Stealth        | |  1.7

Action                   |  1- 3 |  4- 6 || total
-------------------------+-------+-------++-------
Melee: Unarmed           |    25 |       ||    25
       Club              |    44 |     9 ||    53
 Cast: Magic Dart        |    80 |    55 ||   135
       Searing Ray       |     1 |     3 ||     4
  Use: Scroll            |     8 |       ||     8
       Potion            |       |     6 ||     6
 Stab: Sleeping          |     2 |       ||     2
Armor: Robe              |    41 |    11 ||    52
Dodge: Dodged            |    78 |    17 ||    95

Table legend: (Time is in decaauts)
 A = Elapsed time spent in this place.
 B = Non-inter-level travel time spent in this place.
 C = Inter-level travel time spent in this place.
 D = Time resting spent in this place.
 E = Time spent auto-exploring this place.
 F = Levels seen in this place.
 G = Mean time per level.
                   A        B        C        D        E       F      G
               +--------+--------+--------+--------+--------+-----+--------+
         Total |   3756 |   3619 |    137 |   1674 |   1442 |   4 |  939.0 |
       Dungeon |   3756 |   3619 |    137 |   1674 |   1442 |   4 |  939.0 |
               +--------+--------+--------+--------+--------+-----+--------+

Top non-repeatable levels by time:
     D:3: 1276 daAuts
     D:1: 1207 daAuts
     D:2: 1187 daAuts
     D:4: 85 daAuts
